 Dungeon Crawl Stone Soup version 0.30-b1-2-g02819fbbbe (webtiles) character file.

Game seed: 15370015830899932441

4126 LLlMATKO the Fighter (level 10, 0/90 HPs)
             Began as a Minotaur Berserker on Oct 26, 2023.
             Was an Elder of Trog.
             Slain by a vampire (8 damage)
             ... on level 7 of the Dungeon.
             The game lasted 00:04:40 (6284 turns).

LLlMATKO the Fighter (Minotaur Berserker)           Turns: 6284, Time: 00:04:41

Health: 0/90       AC: 17    Str: 26    XL:     10   Next: 6%
Magic:  9/9        EV: 11    Int:  4    God:    Trog [****..]
Gold:   406        SH:  5    Dex: 10    Spells: 9/9 levels left

rFire   . . .        G - +1 hand axe (heavy)
rCold   . . .        A - +0 buckler
rNeg    . . .        m - +0 chain mail
rPois   .            M - +1 hat
rElec   .            t - +0 cloak
rCorr   .            (no gloves)
SInv    .            (no boots)
Will    .....        (no amulet) Stlth
                     n - +4 ring of protection
HPRegen 0.35/turn    (no ring)
MPRegen 0.11/turn

%: no passive effects
@: weak-willed, on berserk cooldown, slowed, very slow
A: horns 2, retaliatory headbutt
a: Renounce Religion, Berserk, Trog's Hand, Brothers in Arms


You were on level 7 of the Dungeon.
You worshipped Trog.
Trog was greatly pleased with you.
You visited 1 branch of the dungeon, and saw 7 of its levels.

You collected 406 gold pieces.

Inventory:

Hand Weapons
 l - a +0 war axe
 p - a +0 war axe
 F - a +4 hand axe of distortion
 G - a +1 heavy hand axe (weapon)
Missiles
 o - 2 curare-tipped darts (quivered)
 u - 3 javelins
 J - a throwing net
Armour
 m - a +0 chain mail (worn)
 t - a +0 cloak (worn)
 A - a +0 buckler (worn)
 M - a +1 hat (worn)
Jewellery
 n - a +4 ring of protection (left hand)
 I - a ring of poison resistance
Wands
 s - a wand of mindburst (25)
 L - a wand of quicksilver (1)
Scrolls
 b - 2 scrolls of identify
 c - 3 scrolls of noise
 e - a scroll of fear
 h - a scroll of vulnerability
 i - a scroll of fog {unknown}
 j - a scroll of magic mapping {unknown}
 k - a scroll of immolation {unknown}
 r - a scroll of enchant armour {unknown}
 v - a scroll of summoning {unknown}
 y - 3 scrolls of blinking {unknown}
 B - 3 scrolls of teleportation {unknown}
 E - 3 scrolls of enchant weapon {unknown}
 H - a scroll of poison {unknown}
 N - a scroll of amnesia {unknown}
Potions
 a - a potion of haste {unknown}
 d - 2 potions of heal wounds
 f - a potion of degeneration {unknown}
 q - a potion of cancellation {unknown}
 w - 3 potions of flight {unknown}
 x - 2 potions of mutation {unknown}
 z - a potion of curing {unknown}
 C - a potion of brilliance {unknown}
 D - 2 potions of resistance {unknown}
 K - a potion of lignification {unknown}
 O - a potion of might {unknown}


   Skills:
 + Level 8.9 Fighting
 + Level 8.9 Axes
 + Level 8.4 Armour
 + Level 7.7 Dodging
 + Level 6.4 Shields


You had 9 spell levels left.
You didn't know any spells.
Your spell library was empty.

Dungeon Overview and Level Annotations

Branches:
Dungeon (7/15)             Temple (0/1) D:6

Altars:
Gozag
Vehumet
Zin

Shops:
D:3 =


Innate Abilities, Weirdness & Mutations

You have a pair of horns on your head.
You reflexively headbutt those who attack you in melee.


Message History

You block the wraith's attack.
You hit the wraith. Your headbutt misses the wraith.
The wraith is moderately damaged.
You hit the wraith but do no damage.
The wraith is moderately damaged.
You are no longer berserk.
You are exhausted.
You feel yourself slow down. You block the wraith's attack.
You hit the wraith.
The wraith is moderately damaged.
The wraith closely misses you. The wraith hits you but does no damage.
You hit the wraith.
The wraith is moderately damaged.
The wraith barely misses you. You furiously retaliate!
You headbutt the wraith! The wraith hits you but does no damage.
You slash the wraith!
You destroy the wraith!
Trog accepts your kill. Something hits you but does no damage.
Deactivating autopickup; reactivate with Ctrl-A.
Something bites you.
Something draws strength from your injuries!
As you read the scroll labelled SASAL NISTRATOG, it crumbles to dust.
Magic quickly surges around you.
It was a scroll of vulnerability.
Something hits you. Something bites you but does no damage. Something hits you.
Something bites you but does no damage.
Unknown command.
You barely miss something. Something hits you. Something bites you!
Something draws strength from your injuries!
Unknown command.
As you read the scroll labelled KUOMEPL XAIT, it crumbles to dust.
Your body is wracked with pain!
* * * LOW HITPOINT WARNING * * *
The howler monkey convulses!
The troll convulses!
It was a scroll of torment.
Something hits you!
* * * LOW HITPOINT WARNING * * *
Something bites you but does no damage.
The howler monkey hoots and howls with incredible vigour!
Something hits you but does no damage. Something bites you!
You die...

##.............. #########
#............... ##[......###
#...............
##..#####...#####...............
##...# ###.....................
#.<..# ###...#...............
.....# . ###.................
.....# #|)[#######..............
.....# #$.Th{@.###...........#
.....# #|))######).###.......###
.....# . ###..).###:..#####
.....# ###..#ยง#....###.....#
.....# ###....#..#.#...####...
#....# ###....#.#.#.#.#....##...
##.#.####....#...#..#.#..(####..<
#...##....#..)#.#.#....#### #...
###.#.##....#...#.(..####.. #...


You could see a troll (weak-willed) and a howler monkey (catching breath,
weak-willed).

Vanquished Creatures
  A deep elf pyromancer (D:7)
  A slime creature (D:7)
  A wraith (D:7)
  A vampire (D:7)
  A basilisk (D:7)
  Duvessa (D:5)
  An orc warrior (D:7)
  3 ice beasts
  2 black bears
  A sky beast (D:7)
  A centaur (D:7)
  4 ogres
  A phantom (D:5)
  A kobold brigand (D:7)
  Blork the orc (D:4)
  3 scorpions
  4 bullfrogs
  Dowan (D:5)
  4 howler monkeys (D:7)
  Crazy Yiuf (D:3)
  6 orc priests
  6 hounds
  5 jellies
  Jessica (D:2)
  4 iguanas
  Ijyb (D:3)
  9 orc wizards
  8 gnolls
  6 adders
  A white imp (D:7)
  2 ufetubi
  A worm (D:3)
  2 dart slugs
  28 orcs
  5 bats
  8 endoplasms
  3 giant cockroaches
  6 goblins
  8 hobgoblins
  2 jackals (D:2)
  A quokka (D:4)
  4 ball pythons
  A frilled lizard (D:2)
  3 kobolds
  5 rats
160 creatures vanquished.

Notes
Turn   | Place    | Note
-------+----------+-------------------------------------------
     0 | D:1      | LLlMATKO the Minotaur Berserker began the quest for the
                  | Orb.
     0 | D:1      | Reached XP level 1. HP: 19/19 MP: 0/0
   104 | D:1      | Found a faded altar of an unknown god.
   231 | D:1      | Reached XP level 2. HP: 24/27 MP: 1/1
   759 | D:2      | Noticed Jessica
   763 | D:2      | Killed Jessica
   763 | D:2      | Reached ** piety under Trog
   764 | D:2      | Reached XP level 3. HP: 33/33 MP: 2/2
  1250 | D:3      | Reached XP level 4. HP: 38/41 MP: 3/3
  1437 | D:3      | Found Ecoiso's Jewellery Emporium.
  1478 | D:3      | Found a runed translucent door.
  1479 | D:3      | Noticed Crazy Yiuf
  1854 | D:3      | Noticed Ijyb
  1859 | D:3      | Killed Ijyb
  1860 | D:3      | Reached XP level 5. HP: 39/47 MP: 4/4
  2161 | D:3      | Killed Crazy Yiuf
  2334 | D:4      | Reached skill level 5 in Fighting
  2334 | D:4      | Reached skill level 5 in Axes
  2395 | D:4      | Reached XP level 6. HP: 56/56 MP: 5/5
  2397 | D:4      | Reached *** piety under Trog
  2645 | D:4      | Identified the +1 leather armour of Toseh Naqu {rElec MP+9
                  | Int+3}
  2838 | D:4      | Reached skill level 5 in Armour
  2838 | D:4      | Reached XP level 7. HP: 47/62 MP: 6/6
  3197 | D:4      | Noticed Blork the orc
  3203 | D:4      | Killed Blork the orc
  3359 | D:5      | Entered Level 5 of the Dungeon
  3359 | D:5      | Noticed Duvessa
  3359 | D:5      | Noticed Dowan
  3364 | D:5      | Killed Dowan
  3365 | D:5      | Reached skill level 1 in Shields
  3368 | D:5      | Killed Duvessa
  3369 | D:5      | Reached skill level 5 in Dodging
  3463 | D:5      | Found a radiant altar of Vehumet.
  3581 | D:5      | Reached XP level 8. HP: 48/71 MP: 7/7
  4291 | D:6      | Found an opulent altar of Gozag.
  4313 | D:6      | Found a staircase to the Ecumenical Temple.
  4683 | D:6      | Reached **** piety under Trog
  4745 | D:6      | Found a glowing silver altar of Zin.
  5388 | D:7      | Reached XP level 9. HP: 79/79 MP: 8/8
  5675 | D:7      | Reached skill level 5 in Shields
  6252 | D:7      | Noticed a deep elf pyromancer
  6253 | D:7      | Noticed a troll
  6265 | D:7      | Killed a deep elf pyromancer
  6276 | D:7      | Reached XP level 10. HP: 71/90 MP: 9/9
  6284 | D:7      | Slain by a vampire

Illustrated notes

Levels and vault maps discovered:
D:1:      lemuel_arrival_hallway, layout_basic, ebering_ecumenical_altar_webs,
          serial_bayou_crossing
D:2:      layout_rooms, dk_noncrumbling_2, uniq_jessica
D:3:      layout_basic, serial_shops, nicolae_shop_waterfront,
          grunt_decor_fettered, uniq_ijyb, uniq_crazy_yiuf_cottage
D:4:      layout_basic, uniq_blork_the_orc
D:5:      layout_gridville, mainiacjoe_overflow_brackets, uniq_duvessa
D:6:      layout_loops_corners, grunt_gozag_statues,
          minmay_temple_entry_antechambers, corner_web_ring,
          minmay_ruined_shrine
D:7:      minmay_the_grid_triangle_9x9_rhombus_full
          [minmay_the_grid_triangle_9x9_from_above,
          minmay_the_grid_triangle_9x9_impossible_snake,
          minmay_the_grid_triangle_9x9_minimal,
          minmay_the_grid_triangle_9x9_sprig,
          minmay_the_grid_triangle_9x9_steps,
          minmay_the_grid_triangle_9x9_limited_checkers,
          minmay_the_grid_triangle_9x9_negative_grid,
          minmay_the_grid_triangle_9x9_prize_center], layout_rooms

Skill      XL: |  1  2  3  4  5  6  7  8  9 |
---------------+----------------------------+-----
Fighting       | 4 5 6 7 8 |  8.9
Axes           | 4 5 6 7 8 |  8.9
Armour         | 3 4 5 7 8 |  8.4
Dodging        | 3 4 5 6 7 |  7.7
Shields        | 2 4 6 |  6.4

Action                     |  1- 3 |  4- 6 |  7- 9 | 10-12 || total
---------------------------+-------+-------+-------+-------++-------
  Melee: Hand axe          |    15 |       |   126 |     7 ||   148
         Headbutt          |     6 |    15 |    25 |       ||    46
         War axe           |    37 |   107 |    79 |       ||   223
         Punch             |       |     1 |       |       ||     1
 Invoke: Berserk           |       |     3 |     4 |       ||     7
    Use: Scroll            |       |       |     3 |     2 ||     5
   Stab: Fleeing           |       |       |     1 |       ||     1
 Armour: Animal skin       |     3 |       |       |       ||     3
         Chain mail        |    37 |    80 |   119 |     7 ||   243
  Dodge: Dodged            |    22 |    46 |    69 |     2 ||   139
  Block: Buckler           |       |       |    35 |     2 ||    37
